 Dungeon Crawl Stone Soup version 0.20.1-1-g8b1a95d (webtiles) character file.

71 taka the Covered (level 4, -4/35 HPs)
             Began as a Human Wanderer on Aug 20, 2017.
             Killed from afar by an orc wizard (9 damage)
             ... with a puff of frost
             ... on level 3 of the Dungeon.
             The game lasted 00:07:45 (1763 turns).

taka the Covered (Human Wanderer)                   Turns: 1763, Time: 00:07:50

Health: -4/35      AC:  4    Str: 10 (13) XL:     4   Next: 47%
Magic:  4/4        EV:  9    Int: 13 (14) God:
Gold:   130        SH:  7    Dex: 12 (13) Spells: 3/3 levels left

rFire    . . .     SeeInvis .   a - +2 mace
rCold    . . .     Gourm    .   i - +0 shield
rNeg     . . .     Faith    .   e - +0 robe
rPois    .         Spirit   .   l - +2 hat
rElec    +         Reflect  .   (no cloak)
rCorr    +         Harm     .   (no gloves)
MR       .....                  (no boots)
Stlth    ++........             (no amulet)
Regen    0.2/turn               n - ring of resist corrosion
MPRegen  0.1/turn               (no ring)

@: no status effects
A: electricity resistance, strong 1
a: no special abilities


You were on level 3 of the Dungeon.
You were not hungry.

You visited 1 branch of the dungeon, and saw 3 of its levels.

You collected 130 gold pieces.

Inventory:

Hand Weapons
 a - a +2 mace (weapon)
 b - a +0 hand crossbow
 f - a +0 dagger
Missiles
 c - 50 bolts
Armour
 e - a +0 robe (worn)
 i - a +0 shield (worn)
 l - a +2 hat (worn)
Jewellery
 n - a ring of resist corrosion (left hand)
Wands
 k - a wand of random effects (24/48)
Scrolls
 m - a scroll of remove curse
 q - a scroll of identify
Potions
 d - 4 potions of curing
 j - 2 potions of heal wounds
 t - a potion of ambrosia
Comestibles
 g - 2 bread rations
 h - 4 fruits
 o - a royal jelly
 p - 3 chunks of flesh
 u - 2 meat rations


   Skills:
 + Level 3.4 Fighting
 + Level 2.2 Maces & Flails
 + Level 1.1 Crossbows
 * Level 3.5 Armour
 + Level 1.2 Dodging
 + Level 2.3 Stealth
 + Level 0.8 Shields


You had 3 spell levels left.
You didn't know any spells.

Dungeon Overview and Level Annotations

Branches:
Dungeon (3/15)

Altars:


Innate Abilities, Weirdness & Mutations

You are resistant to electric shocks. (rElec)
Your muscles are strong. (Str +2)


Message History

The orc wizard is heavily wounded.
The orc wizard closely misses you.
You sock the orc wizard!
The orc wizard is almost dead.
The orc wizard barely misses you.
The orc wizard gestures at you while chanting.
The magic dart hits you!
* * * LOW HITPOINT WARNING * * *
You barely miss the orc wizard.
The orc wizard is almost dead.
The orc wizard casts a spell.
The orc wizard seems to speed up.
You closely miss the orc wizard.
The orc wizard is almost dead.
The orc wizard points at you and mumbles some strange words.
The puff of frost hits you!
* * * LOW HITPOINT WARNING * * *
The orc wizard casts a spell at you. The puff of frost hits you!
You die...

#########
######.......#
#......#####.#
##......#####.#
#..........##.#
#########..>....##.##.#
#.....@ooo......##.##)#
#.######o....##.......#
##.#####.##.####
#........##.#
#....$...##.####
#.......###....#
#...oo..# ####.#
#..!!...# #..)#
#.......# #.#.#


You could see an orc wizard and 3 orcs.

Vanquished Creatures
  An ooze (D:2)
  2 worms (D:2)
  2 dart slugs (D:2)
  An orc (D:3)
  5 giant cockroaches
  9 goblins
  5 hobgoblins
  2 jackals (D:3)
  4 quokkas
  5 bats
  6 frilled lizards
  9 kobolds
  2 rats (D:2)
53 creatures vanquished.

Notes
Turn   | Place    | Note
-------+----------+-------------------------------------------
     0 | D:1      | taka the Human Wanderer began the quest for the Orb.
     0 | D:1      | taka set off with: a +2 mace, a +0 hand crossbow, 25 bolts, a potion of curing, a +0 robe, a +0 dagger, a bread ration
     0 | D:1      | Reached XP level 1. HP: 18/18 MP: 1/1
   177 | D:1      | Reached XP level 2. HP: 23/24 MP: 2/2
   185 | D:1      | You fall through a shaft!
   521 | D:1      | Reached XP level 3. HP: 29/29 MP: 3/3
   905 | D:2      | Reached skill level 1 in Dodging
  1168 | D:2      | Reached XP level 4. HP: 33/35 MP: 4/4
  1621 | D:2      | Gained mutation: You are resistant to electric shocks. (rElec) [potion of mutation]
  1621 | D:2      | Gained mutation: Your muscles are strong. (Str +2) [potion of mutation]
  1642 | D:3      | Reached skill level 1 in Crossbows
  1763 | D:3      | Killed from afar by an orc wizard

Skill      XL: |  1  2  3  4 |
---------------+-------------+-----
Dodging        | 1 |  1.2
Crossbows      | 1 |  1.1
Fighting       | |  3.4
Maces & Flails | |  2.2
Armour         | |  3.5
Stealth        | |  2.3
Shields        | |  0.8

Action                   |  1- 3 |  4- 6 || total
-------------------------+-------+-------++-------
Melee: Mace              |    83 |    52 ||   135
 Fire: Hand crossbow     |    18 |       ||    18
  Use: Scroll            |     4 |       ||     4
       Potion            |       |     3 ||     3
 Stab: Sleeping          |     7 |     2 ||     9
  Eat: Chunk             |     1 |     2 ||     3
Armor: Robe              |    32 |    14 ||    46
Dodge: Dodged            |    37 |    18 ||    55
Block: Shield            |    28 |    14 ||    42
